 Dungeon Crawl Stone Soup version 0.26-a0-52-gd53d4cd (webtiles) character file.

Game seed: 12293748562440879909

196 Faca the Skirmisher (level 6, -1/50 HPs)
             Began as a Human Fighter on June 6, 2020.
             Slain by an orc (4 damage)
             ... on level 3 of the Dungeon.
             The game lasted 00:04:45 (2537 turns).

Faca the Skirmisher (Human Fighter)                 Turns: 2537, Time: 00:04:45

Health: -1/50      AC:  6    Str: 18    XL:     6   Next: 4%
Magic:  6/6        EV:  7    Int:  9    God:
Gold:   104        SH:  9    Dex: 12    Spells: 5/5 levels left

rFire    . . .     SeeInvis .   a - +0 flail
rCold    . . .     Gourm    .   c - +0 kite shield
rNeg     . . .     Faith    .   b - +0 scale mail
rPois    .         Spirit   .   (no helmet)
rElec    .         Reflect  .   (no cloak)
rCorr    .         Harm     .   (no gloves)
MR       +....     Rnd*Tele +   (no boots)
Stlth    ..........             (no amulet)
HPRegen  0.16/turn              p - ring of protection from magic
MPRegen  0.10/turn              o - ring of teleportation (curse)

@: mighty
A: no striking features
a: no special abilities


You were on level 3 of the Dungeon.
You were hungry.

You visited 1 branch of the dungeon, and saw 3 of its levels.

You collected 104 gold pieces.

Inventory:

Hand Weapons
 a - a +0 flail (weapon)
Armour
 b - a +0 scale mail (worn)
 c - a +0 kite shield (worn)
Jewellery
 g - an uncursed ring of protection from fire
 o - a cursed ring of teleportation (right hand)
 p - a ring of protection from magic (left hand)
Potions
 h - a potion of stabbing {unknown}
 i - a potion of flight
 j - a potion of brilliance {unknown}
 k - a potion of ambrosia {unknown}
 m - a potion of lignification {unknown}
Comestibles
 f - 5 rations


   Skills:
 + Level 4.9 Fighting
 + Level 4.3 Maces & Flails
 - Level 3.0 Armour
 - Level 3.0 Shields


You had 5 spell levels left.
You didn't know any spells.
Your spell library was empty.

Dungeon Overview and Level Annotations

Branches:
Dungeon (3/15)

Altars:
Dithmenos
Fedhas
Yredelemnul


Message History

* * * LOW HITPOINT WARNING * * *
You block the orc's attack.
You closely miss the adder.
* * * LOW HITPOINT WARNING * * *
You feel sick. The adder bites you but does no damage.
The orc hits you but does no damage. x2; You block the orc's attack.
The adder bites you.
* * * LOW HITPOINT WARNING * * *
You are more poisoned.
The adder poisons you! The orc barely misses you. x2
You feel better. The orc hits you with a +0 flail!
* * * LOW HITPOINT WARNING * * *
You block the adder's attack. The orc barely misses you.
The orc hits you but does no damage.
You feel very mighty all of a sudden. The orc hits you with a +0 club.
* * * LOW HITPOINT WARNING * * *
You block the adder's attack. The orc hits you but does no damage.
You block the orc's attack. The orc hits you.
You die...

##........##
#..........#
#..........#
#..........#
#..........#
#.....b....#
#...ooo..#
#..S@o.#
########


You could see an adder, 4 orcs and a bat.

Vanquished Creatures
  2 orc wizards (D:2)
  8 adders
  An ooze (D:2)
  2 dart slugs
  A leopard gecko (D:1)
  3 orcs
  3 ball pythons (D:1)
  10 bats
  4 giant cockroaches
  6 goblins
  4 hobgoblins
  A quokka (D:3)
  7 kobolds
  3 rats (D:2)
  A spectral orc (D:3)
56 creatures vanquished.

Vanquished Creatures (others)
  4 toadstools (D:1)
4 creatures vanquished.

Grand Total: 60 creatures vanquished

Notes
Turn   | Place    | Note
-------+----------+-------------------------------------------
     0 | D:1      | Faca the Human Fighter began the quest for the Orb.
     0 | D:1      | Reached XP level 1. HP: 18/18 MP: 1/1
   192 | D:1      | Reached XP level 2. HP: 24/24 MP: 2/2
   642 | D:1      | Reached XP level 3. HP: 29/29 MP: 3/3
  1133 | D:2      | Reached XP level 4. HP: 11/37 MP: 4/4
  1668 | D:2      | Reached XP level 5. HP: 34/43 MP: 5/5
  1831 | D:2      | Found a blossoming altar of Fedhas.
  2055 | D:2      | Found a shadowy altar of Dithmenos.
  2181 | D:3      | Reached XP level 6. HP: 12/50 MP: 6/6
  2508 | D:3      | Found a basalt altar of Yredelemnul.
  2537 | D:3      | Slain by an orc

Illustrated notes

Levels and vault maps discovered:
D:1:      ldierk_water_garden, layout_basic
D:2:      layout_rooms, nicolae_dithmenos_shadow_blocks, st_stairs_11,
          fedhas_altar_fruit_tree
D:3:      layout_rooms, yredelemnul_forgotten_temple_becter,
          nicolae_overflow_hidden_temple, kennysheep_nondescript

Skill      XL: |  1  2  3  4  5 |
---------------+----------------+-----
Maces & Flails | 3 4 |  4.3
Fighting       | 4 |  4.9
Armour         | |  3.0
Shields        | |  3.0

Action                   |  1- 3 |  4- 6 || total
-------------------------+-------+-------++-------
Melee: Flail             |   117 |   115 ||   232
  Use: Scroll            |       |     3 ||     3
       Potion            |       |     3 ||     3
  Eat: Chunk             |     1 |     4 ||     5
Armor: Scale mail        |    85 |    61 ||   146
Dodge: Dodged            |    39 |    40 ||    79
Block: Kite shield       |    86 |    66 ||   152

Table legend:
 A = Non-vault XP
 B = Vault XP
 C = Vault XP percentage of total XP
 D = Non-vault monster count
 E = Vault monster count
 F = Vault count percentage of total count
                 A         B        C        D         E       F
            +---------+---------+-------+---------+---------+-------
      Total |     265 |      16 |   5.7 |      53 |       3 |   5.4
            +---------+---------+-------+---------+---------+-------
        D:1 |      37 |       0 |   0.0 |      19 |       0 |   0.0
        D:2 |     176 |      15 |   7.9 |      25 |       2 |   7.4
        D:3 |      52 |       1 |   1.9 |       9 |       1 |  10.0
            +---------+---------+-------+---------+---------+-------
